 Dungeon Crawl Stone Soup version 0.23.2-40-g277498a (webtiles) character file.

Game seed: 1085369923937604079

61 CrazyJ the Grasshopper (level 3, -5/30 HPs)
             Began as a Draconian Warper on Sept 9, 2019.
             Was an Initiate of Vehumet.
             Killed from afar by Natasha (8 damage)
             ... with a wand of flame (11)
             ... on level 3 of the Dungeon.
             The game lasted 00:18:40 (2917 turns).

CrazyJ the Grasshopper (Draconian Warper)           Turns: 2917, Time: 00:18:41

Health: -5/30      AC:  5    Str: 14    XL:     3   Next: 83%
Magic:  2/6        EV: 12    Int: 13    God:    Vehumet [......]
Gold:   58         SH:  0    Dex: 10    Spells: 2/6 levels left

rFire    . . .     SeeInvis .   a - +0 spear
rCold    . . .     Gourm    .   (no shield)
rNeg     . . .     Faith    .   (armour unavailable)
rPois    .         Spirit   .   (helmet restricted)
rElec    .         Reflect  .   (no cloak)
rCorr    .         Harm     .   (no gloves)
MR       .....                  (no boots)
Stlth    +.........             (no amulet)
HPRegen  0.10/turn              (no ring)
MPRegen  0.10/turn              (no ring)

@: very slightly contaminated
A: unfitting armour, cold-blooded, AC +5
a: Renounce Religion


You were on level 3 of the Dungeon.
You worshipped Vehumet.
Vehumet was noncommittal.
You were not hungry.

You visited 1 branch of the dungeon, and saw 3 of its levels.

You collected 58 gold pieces.

Inventory:

Hand Weapons
 a - a +0 spear (weapon)
 e - a +2 dagger of venom
Missiles
 b - 100 stones (quivered)
 d - 30 arrows
 k - 33 bolts
 l - 2 throwing nets
Magical Staves
 m - an uncursed staff of air
Scrolls
 c - a scroll of blinking
 h - 3 scrolls of identify
 i - a scroll of remove curse
 j - a scroll of amnesia {unknown}
Comestibles
 f - 2 rations
 g - 4 chunks of flesh


   Skills:
 * Level 2.9 Fighting
 * Level 2.5 Polearms
 - Level 1.0 Throwing
 + Level 2.4 Dodging
 + Level 2.3 Spellcasting
 * Level 1.1 Charms
 + Level 3.1 Translocations


You had 2 spell levels left.
You knew the following spells:

 Your Spells              Type           Power        Failure   Level  Hunger
a - Blink                 Tloc           N/A          10%         2    ###....
b - Shroud of Golubria    Chrm/Tloc      #.........   16%         2    ###....

Your spell library contained the following spells:

 Spells                   Type           Power        Failure   Level  Hunger
 Gell's Gravitas          Tloc           #.........   21%         3    ###....
 Lesser Beckoning         Tloc           #.........   21%         3    ###....
 Teleport Other           Tloc           #.......     21%         3    ###....
 Passage of Golubria      Tloc           N/A          54%         4    #####..


Dungeon Overview and Level Annotations

Branches:
Dungeon (3/15)

Altars:
Vehumet

Annotations:
D:3 Natasha


Innate Abilities, Weirdness & Mutations

Your plain brown scales are hard. (AC +5)
You cannot fit into any form of body armour.
You are cold-blooded and may be slowed by cold attacks.


Message History

You see here a stone.
Evoke which item? (* to show all) (? for menu, Esc to quit)
Attack whom?
Press: ? - help, Dir - move target cursor, f - kobold
Aim: a kobold You reach to attack!
You hit the kobold.
The kobold is heavily wounded.
You hit the kobold but do no damage.
The kobold is heavily wounded.
The kobold barely misses you.
Natasha wildly gestures.
Natasha's front paws start to glow.
Natasha zaps a wand.
The puff of flame hits you!
* * * LOW HITPOINT WARNING * * *
You aren't carrying any potions.
As you read the scroll labeled OPLA VOTARI, it crumbles to dust.
It is a scroll of identify.
i - a scroll of remove curse The kobold barely misses you.
Natasha zaps a wand.
The puff of flame hits you!
You die...

.. .. ......
...... .#.. . .#
#...#.> ##.
..#.... #.. . # .
# ##....#.#
...... .. #.
....#.##@K......
..##.# #. .
........(.##...#
#.##.#
#.h#..........##
# #.##.#
....####....##
#.##<#
#...#h.#...
#.#..#
####...#..#.
$..#.###.#..#
#####........#
...........[..###
#.....###.####
#..###.###.....)#
#.####........ #.
#......#


You could see Natasha and a kobold.

Vanquished Creatures
  3 worms
  A dart slug (D:1)
  2 leopard geckos
  5 bats
  2 giant cockroaches (D:1)
  8 goblins
  8 hobgoblins
  3 jackals (D:1)
  A quokka (D:2)
  A ball python (D:1)
  A frilled lizard (D:1)
  4 kobolds
  5 rats
44 creatures vanquished.

Notes
Turn   | Place    | Note
-------+----------+-------------------------------------------
     0 | D:1      | CrazyJ the Draconian Warper began the quest for the Orb.
     0 | D:1      | Reached XP level 1. HP: 17/17 MP: 3/3
   119 | D:1      | Reached skill level 1 in Throwing
   562 | D:1      | Reached XP level 2. HP: 25/25 MP: 5/5
   566 | D:1      | Learned a level 2 spell: Blink
   602 | D:1      | Learned a level 2 spell: Shroud of Golubria
   995 | D:1      | Reached XP level 3. HP: 5/30 MP: 6/6
  1668 | D:2      | Found a radiant altar of Vehumet.
  1733 | D:2      | Became a worshipper of Vehumet
  1825 | D:2      | Reached skill level 1 in Charms
  2910 | D:3      | Noticed Natasha
  2917 | D:3      | Killed from afar by Natasha

Skill      XL: |  1  2  3 |
---------------+----------+-----
Throwing       | 1 |  1.0
Charms         | 1 |  1.1
Fighting       | |  2.9
Polearms       | |  2.5
Dodging        | |  2.4
Spellcasting   | |  2.3
Translocations | |  3.1

Action                   || total
-------------------------++-------
Melee: Spear             ||   236
       Tailslap          ||    22
Throw: Tomahawk          ||     5
       Stone             ||     1
 Cast: Shroud of Golubri ||     2
       Blink             ||     2
  Use: Potion            ||     3
       Scroll            ||     1
  Eat: Chunk             ||     5
       Ration            ||     1
Armor: Skin              ||    91
Dodge: Dodged            ||   136
